Map: Goldenaura LE

Players

PtitDrogo

  • Race: Protoss Protoss
  • Spawn Location: 12:00

HolyHit - Winner!

  • Race: Protoss Protoss
  • Spawn Location: 5:00

Event: HomeStory Cup XXV

VOD

Have the link to the VOD?

Description

Time

  • Played on: June 22, 2024, 1:10 p.m.
  • Length: 9:07

All games in this series

Show
View Real Time Build Order
Export as new Build Order

PtitDrogo Protoss 

Build Orders: Phoenix Opening, Blink Stalkers 

Get SALT Encoding   

  12  0:00  Probe  
  13  0:12  Probe  
  14  0:17  Pylon  
  14  0:24  Probe (Chrono Boost)  
  15  0:36  Probe (Chrono Boost)  
  15  0:37  Gateway  
  16  0:44  Probe (Chrono Boost)  
  16  0:46  Assimilator  
  17  0:51  Probe  
  17  0:55  Assimilator  
  18  1:03  Probe (Chrono Boost)  
  19  1:11  Gateway  
  19  1:14  Probe (Chrono Boost)  
  20  1:19  Probe  
  20  1:24  Cybernetics Core  
  21  1:33  Probe  
  21  1:36  Pylon  
  22  1:45  Probe  
  23  1:57  Probe  
  24  2:02  Sentry  
  24  2:05  Warp Gate  
  28  2:09  Probe  
  28  2:12  Pylon  
  29  2:19  Pylon  
  29  2:21  Probe  
  30  2:33  Probe  
  30  2:35  Nexus, Phoenix  
  29  2:39  Sentry  
  29  2:41  Sentry  
  33  2:45  Probe  
  34  2:54  Twilight Council  
  34  2:57  Probe  
  35  3:10  Probe  
  35  3:11  Stalker  
  35  3:12  Pylon  
  38  3:22  Blink (Chrono Boost), Probe  
  39  3:34  Probe  
  40  3:46  Probe (Chrono Boost)  
  41  3:50  Probe (Chrono Boost)  
  41  3:52  Stalker x2  
  46  4:02  Probe (Chrono Boost)  
  48  4:04  Probe (Chrono Boost)  
  48  4:08  Probe (Chrono Boost)  
  49  4:11  Probe (Chrono Boost)  
  49  4:16  Probe  
  51  4:17  Stalker x2  
  51  4:23  Nexus  
  55  4:25  Probe  
  56  4:31  Probe  
  56  4:32  Pylon  
  56  4:37  Probe  
  58  4:40  Stalker x2  
  58  4:43  Pylon  
  62  4:50  Probe x2  
  64  4:53  Robotics Facility  
  64  4:55  Forge  
  64  5:01  Pylon  
  64  5:03  Probe  
  64  5:05  Stalker  
  67  5:08  Stalker  
  67  5:11  Probe  
  70  5:16  Probe  
  69  5:23  Probe  
  69  5:28  Probe  
  71  5:29  Charge  
  71  5:30  Gateway  
  71  5:31  Gateway  
  71  5:35  Probe  
  72  5:36  Assimilator, Probe  
  72  5:40  Probe  
  72  5:42  Zealot  
  76  5:44  Protoss Ground Weapons Level 1  
  76  5:47  Probe  
  76  5:48  Probe  
  76  5:49  Stalker  
  80  5:51  Shield Battery  
  80  6:01  Shield Battery  
  80  6:02  Pylon  
  80  6:03  Stalker  
  82  6:06  Gateway  
  80  6:20  Stalker  
  76  6:25  Stalker x2  
  80  6:37  Stalker  
  80  6:40  Immortal  
  74  6:59  Stalker x3  
  62  7:01  Zealot x2  
  62  7:02  Probe x2  
  62  7:03  Probe  
  65  7:14  Probe  
  62  7:22  Stalker x2  
  66  7:23  Shield Battery, Adept x3  
  66  7:24  Shield Battery  
  66  7:25  Probe x2  
  66  7:26  Probe  
  71  7:37  Probe  
  71  7:42  Shield Battery  
  71  7:43  Stalker x3  
  68  7:47  Gateway  
  68  7:48  Pylon  
  68  7:49  Stalker x2  
  68  7:52  Probe x2  
  67  8:00  Probe  
  59  8:07  Stalker x2  
  55  8:19  Adept  
  50  8:24  Probe (Chrono Boost)  
  47  8:33  Probe (Chrono Boost)  
  49  8:34  Probe (Chrono Boost)  
  49  8:36  Probe (Chrono Boost)  
  50  8:47  Stalker  
Show
View Real Time Build Order
Export as new Build Order

HolyHit Protoss - Winner!

Build Orders:  

Get SALT Encoding   

  12  0:00  Probe  
  13  0:12  Probe  
  14  0:17  Pylon  
  14  0:24  Probe (Chrono Boost)  
  15  0:36  Probe (Chrono Boost)  
  15  0:38  Gateway  
  16  0:45  Probe (Chrono Boost)  
  16  0:47  Assimilator  
  17  0:51  Probe  
  17  0:55  Assimilator  
  18  1:03  Probe (Chrono Boost)  
  19  1:09  Gateway  
  19  1:13  Probe (Chrono Boost)  
  20  1:21  Probe  
  21  1:26  Cybernetics Core  
  21  1:33  Probe  
  21  1:38  Pylon  
  22  1:45  Probe  
  23  1:57  Probe  
  24  2:03  Stalker, Sentry  
  24  2:04  Warp Gate  
  28  2:09  Probe  
  28  2:14  Pylon  
  29  2:38  Nexus  
  29  2:41  Probe  
  30  2:46  Sentry  
  30  2:47  Sentry  
  34  2:53  Probe  
  35  3:00  Robotics Facility  
  35  3:06  Probe  
  35  3:10  Pylon  
  36  3:18  Probe  
  37  3:30  Probe  
  38  3:35  Stalker  
  38  3:40  Twilight Council  
  40  3:42  Probe  
  40  3:48  Immortal (Chrono Boost)  
  41  3:54  Probe  
  46  4:01  Shield Battery, Probe  
  47  4:06  Probe  
  48  4:10  Stalker  
  48  4:13  Resonating Glaives (Chrono Boost), Probe  
  51  4:25  Immortal (Chrono Boost)  
  51  4:29  Probe  
  51  4:31  Probe  
  56  4:43  Gateway  
  56  4:44  Gateway  
  57  4:50  Sentry  
  58  4:57  Warp Prism (Chrono Boost)  
  60  5:00  Gateway  
  60  5:05  Gateway  
  60  5:08  Pylon  
  60  5:14  Pylon  
  54  5:30  Adept x2, Immortal (Chrono Boost)  
  62  5:38  Adept x2  
  66  5:54  Adept  
  66  5:55  Adept  
  66  5:56  Probe x2  
  72  5:59  Immortal (Chrono Boost)  
  76  6:06  Pylon  
  76  6:07  Pylon  
  72  6:20  Adept x4  
  76  6:39  Adept x2  
  78  6:41  Immortal (Chrono Boost)  
  76  6:59  Adept x4  
  76  7:00  Adept  
  74  7:17  Warp Prism (Chrono Boost)  
  74  7:22  Adept x5  
  70  7:52  Adept x4  
  70  7:53  Adept x2  
  70  7:56  Probe  
  73  8:11  Immortal (Chrono Boost)  
  73  8:14  Zealot x6  
  67  8:24  Stalker  
  57  8:31  Assimilator  
  57  8:34  Adept x3  
  57  8:35  Assimilator  
  57  8:38  Nexus  
  65  8:51  Stalker x2  
Tags
 
Add a new tag
Caveats
  • Supply blocks, unpowered buildings, or Contaminate may cause inaccurate times.
  • Supply counts are checked every 10 seconds.